Map: Automaton LE

Players

Franss

  • Race: Terran Terran
  • League: Gold
  • Spawn Location: 9:00

Mesrob - Winner!

  • Race: Terran Terran
  • League: Gold
  • Spawn Location: 3:00

VOD

Have the link to the VOD?

Description

Time

  • Played on: Jan. 16, 2019, 11:54 a.m.
  • Length: 17:50
Show
View Real Time Build Order
Export as new Build Order

Franss Terran 

Build Orders: 1/1/1, Liberator Opening 

Get SALT Encoding   

  12  0:02  SCV  
  13  0:14  SCV  
  13  0:19  Supply Depot  
  14  0:26  Refinery  
  14  0:30  SCV  
  15  0:43  Barracks  
  15  0:47  SCV  
  16  0:57  Refinery  
  16  0:59  SCV  
  17  1:11  Supply Depot  
  17  1:15  SCV  
  18  1:33  Factory  
  18  1:35  SCV  
  19  1:40  Marine  
  20  1:47  SCV  
  21  1:59  Engineering Bay  
  21  2:02  Marine  
  22  2:21  Factory Tech Lab  
  22  2:26  Starport  
  22  2:29  Supply Depot  
  22  2:41  Siege Tank  
  25  2:45  Marine  
  25  2:50  SCV  
  27  3:02  Medivac  
  29  3:09  SCV  
  30  3:17  Marine  
  31  3:23  Missile Turret  
  31  3:27  Supply Depot  
  31  3:33  Medivac  
  33  3:45  Siege Tank  
  33  3:47  Liberator  
  36  3:50  Marine  
  37  3:59  SCV  
  38  4:09  Marine  
  42  4:17  Supply Depot  
  42  4:28  Marine  
  43  4:31  Siege Tank  
  43  4:35  SCV  
  47  4:45  Supply Depot  
  47  4:47  Marine  
  48  4:58  Medivac  
  50  5:05  Marine  
  51  5:11  Liberator  
  51  5:20  Siege Tank  
  54  5:23  Marine  
  58  5:34  Supply Depot  
  58  5:41  Marine  
  59  5:44  Orbital Command  
  59  6:02  Siege Tank  
  62  6:07  Supply Depot  
  62  6:35  Starport Reactor  
  62  6:37  Marine, Siege Tank  
  65  6:55  Marine  
  58  7:12  Marine  
  59  7:30  Marine  
  55  7:48  Marine  
  56  8:03  Liberator  
  56  8:13  Starport  
  56  8:18  Siege Tank  
  56  8:19  Starport  
  62  8:41  Medivac  
  64  8:50  Siege Tank  
  64  8:51  Command Center  
  67  8:56  Starport Reactor x2  
  67  9:06  SCV  
  67  9:07  Missile Turret  
  68  9:18  SCV  
  69  9:30  SCV  
  70  9:42  SCV  
  71  9:47  Missile Turret  
  71  9:48  Viking  
  71  9:49  Viking x3  
  79  10:07  Missile Turret  
  79  10:45  Viking x4  
  87  11:06  Planetary Fortress  
  87  11:49  SCV  
  88  12:01  SCV  
  89  12:13  SCV  
  90  12:25  SCV  
  77  12:37  SCV  
  75  12:57  Viking x3  
  75  12:58  Viking x3  
  87  13:27  Viking x2  
  91  13:39  Refinery  
  91  13:43  Refinery  
  91  14:00  SCV  
  92  14:12  SCV  
  93  14:24  SCV  
  94  14:36  SCV  
  91  14:48  SCV  
  78  15:13  Siege Tank  
  79  15:14  Viking  
  79  15:15  Viking x5  
  90  15:30  SCV  
  91  15:42  SCV  
  72  16:06  Viking  
  72  16:10  Siege Tank  
  61  16:49  Barracks  
  61  16:52  Barracks  
Show
View Real Time Build Order
Export as new Build Order

Mesrob Terran - Winner!

Build Orders: Mech 

Get SALT Encoding   

  12  0:01  SCV  
  13  0:13  SCV  
  14  0:19  Supply Depot  
  14  0:25  SCV  
  15  0:40  SCV  
  15  0:41  Barracks  
  16  0:52  Refinery, SCV  
  17  1:04  SCV  
  18  1:18  SCV  
  19  1:32  Orbital Command  
  19  1:39  Command Center  
  19  1:42  Marine  
  20  2:03  SCV, Bunker  
  21  2:09  Factory  
  21  2:21  Barracks Tech Lab  
  20  2:24  SCV  
  21  2:30  Refinery  
  21  2:33  Supply Depot  
  21  2:36  SCV  
  22  2:48  SCV  
  23  2:57  Supply Depot  
  23  3:04  Siege Tank  
  26  3:06  SCV  
  26  3:09  Orbital Command  
  26  3:12  Marine  
  28  3:18  SCV  
  29  3:30  SCV  
  29  3:31  Engineering Bay  
  30  3:37  Siege Tank  
  33  3:43  SCV  
  33  3:44  SCV  
  35  3:55  SCV  
  36  3:56  SCV  
  36  3:58  Supply Depot  
  36  4:02  Armory  
  37  4:07  SCV  
  37  4:08  SCV  
  37  4:09  Siege Tank  
  42  4:17  Refinery  
  42  4:19  SCV  
  42  4:20  Refinery  
  42  4:21  Supply Depot  
  43  4:30  Factory  
  43  4:42  Missile Turret  
  43  4:47  Missile Turret  
  43  4:50  Siege Tank  
  46  5:05  Command Center  
  46  5:06  Missile Turret x2  
  46  5:14  Factory Reactor  
  46  5:22  Thor  
  46  5:25  SCV  
  53  5:29  Factory  
  53  5:37  SCV  
  54  5:49  SCV  
  55  5:50  Sensor Tower  
  55  5:58  SCV  
  56  6:05  Terran Vehicle Weapons Level 1  
  56  6:07  Hellion  
  56  6:08  Hellion  
  56  6:10  SCV  
  56  6:11  Infernal Pre-Igniter  
  61  6:14  Factory Reactor  
  61  6:21  Factory  
  61  6:22  Sensor Tower  
  61  6:29  Refinery  
  58  6:41  Missile Turret  
  49  7:05  Thor  
  49  7:06  Hellion x2  
  46  8:07  Marine  
  46  8:09  Planetary Fortress  
  46  8:12  SCV  
  48  8:13  SCV  
  49  8:24  SCV  
  49  8:25  SCV  
  51  8:35  Missile Turret  
  51  8:44  Factory Tech Lab  
  51  8:51  Thor  
  57  9:26  Missile Turret  
  57  9:28  Sensor Tower  
  57  9:30  Hellion x2  
  61  9:46  Missile Turret  
  61  9:56  Thor  
  67  10:02  SCV  
  68  10:09  SCV x2  
  68  10:14  SCV  
  71  10:21  SCV x2  
  73  10:26  SCV  
  74  10:33  Missile Turret  
  74  10:44  Terran Vehicle And Ship Armor Level 1  
  74  10:52  Hellion, SCV x2  
  74  10:53  SCV  
  74  10:55  Missile Turret  
  77  11:04  SCV  
  78  11:12  Hellion  
  78  11:21  Supply Depot  
  78  11:24  SCV  
  78  11:25  SCV x2  
  81  11:32  Refinery  
  81  11:36  SCV  
  81  11:37  SCV x2  
  84  11:44  Thor  
  84  11:45  Supply Depot  
  88  11:48  SCV  
  88  11:49  SCV  
  88  11:50  Hellbat  
  92  11:58  Thor  
  92  11:59  Hellbat  
  100  12:03  Supply Depot  
  100  12:08  Supply Depot  
  93  12:26  Supply Depot  
  80  12:38  Hellbat, Thor  
  80  12:39  Hellbat x3  
  80  12:50  Supply Depot  
  74  13:09  Thor  
  74  13:11  Hellbat  
  82  13:16  Supply Depot  
  82  13:18  Hellion x2  
  82  13:19  Hellion  
  88  13:20  Thor  
  94  13:40  Supply Depot  
  94  13:52  Thor  
  100  13:56  Hellbat x4  
  108  14:03  Thor  
  108  14:05  Missile Turret  
  114  14:24  Missile Turret  
  114  14:27  Hellbat  
  111  14:46  Thor  
  113  15:03  Hellbat x2  
  105  15:29  Thor  
  73  17:05  Factory  
  73  17:06  Factory  
  73  17:07  Factory  
  73  17:08  SCV  
  74  17:20  SCV  
  74  17:21  Supply Depot  
  65  17:45  Supply Depot  
Tags
 
Composition
Mech
League
GoldGold
Matchup
TvT
Race
Terran
Replay Pack
sc2 replays
Spawn Locations
Cross Positions
Add a new tag
Caveats
  • Supply blocks, unpowered buildings, or Contaminate may cause inaccurate times.
  • Supply counts are checked every 10 seconds.